 Dungeon Crawl Stone Soup version 0.29.1-2-gbd0b4ee654 (webtiles) character file.

Game seed: 1494641853947508374

95 GorkyZ the Shield-Bearer (level 4, -1/29 HPs)
             Began as a Gargoyle Fighter on Nov 27, 2022.
             Slain by an orc
             ... wielding a +0 dagger
              (3 damage)
             ... on level 3 of the Dungeon.
             The game lasted 00:05:32 (3653 turns).

GorkyZ the Shield-Bearer (Gargoyle Fighter)         Turns: 3653, Time: 00:05:33

Health: -1/29      AC: 12    Str: 21    XL:     4   Next: 65%
Magic:  4/4        EV: 11    Int:  9    God:
Gold:   111        SH:  4    Dex:  9    Spells: 3/3 levels left

rFire   . . .      SeeInvis .   a - +0 war axe
rCold   . . .      Faith    .   c - +0 buckler
rNeg    + . .      Spirit   .   r - +2 leather armour {Will+}
rPois   ∞          Reflect  .   o - +2 helmet
rElec   +          Harm     .   (no cloak)
rCorr   .          Rampage  .   (no gloves)
Will    +....                   (no boots)
Stlth   +.........              (no amulet)
HPRegen 0.09/turn               (no ring)
MPRegen 0.09/turn               (no ring)

@: no status effects
A: sickness immunity, AC +3, negative energy resistance 1, electricity
resistance, torment resistance 1, petrification resistance
a: no special abilities


You were on level 3 of the Dungeon.
You visited 1 branch of the dungeon, and saw 3 of its levels.

You collected 111 gold pieces.

Inventory:

Hand Weapons
 a - a +0 war axe (weapon)
 f - a +0 quarterstaff
Missiles
 v - 6 poisoned darts (quivered)
Armour
 b - a +0 scale mail
 c - a +0 buckler (worn)
 i - a +0 chain mail
 o - a +2 helmet (worn)
 r - a +2 leather armour of willpower (worn)
Scrolls
 e - 2 scrolls of enchant weapon {unknown}
 h - a scroll of magic mapping {unknown}
 j - 4 scrolls of identify {unknown}
 k - a scroll of enchant armour {unknown}
 l - a scroll of summoning {unknown}
 n - 2 scrolls of fear {unknown}
 q - 2 scrolls of blinking {unknown}
 t - a scroll of amnesia {unknown}
 u - a scroll of noise {unknown}
Potions
 d - a potion of might
 g - a potion of attraction {unknown}
 m - a potion of lignification {unknown}
 p - a potion of ambrosia {unknown}
 s - 2 potions of mutation {unknown}


   Skills:
 + Level 3.7 Fighting
 + Level 2.2 Axes
 + Level 0.9 Throwing
 + Level 3.6 Armour
 + Level 1.1 Dodging
 + Level 3.9 Shields
 + Level 1.0 Evocations


You had 3 spell levels left.
You didn't know any spells.
Your spell library contained the following spells:

 Spells                   Type           Power      Damage    Failure   Level
 Magic Dart               Conj           0%         1d3       52%         1
 Call Imp                 Summ           0%         N/A       67%         2
 Ensorcelled Hibernation  Hex/Ice        0%         N/A       67%         2
 Mephitic Cloud           Conj/Pois/Air  0%         N/A       88%         3
 Spider Form              Tmut/Pois      0%         N/A       88%         3
 Anguish                  Hex/Necr       0%         N/A       99%         4


Dungeon Overview and Level Annotations

Branches:
Dungeon (3/15)

Altars:
Okawaru

Shops:
D:1 (


Innate Abilities, Weirdness & Mutations

You are immune to sickness and miasma.
Your stone body is resilient. (AC +3)
You are immune to poison.
You resist negative energy. (rN+)
You are resistant to electric shocks. (rElec)
You are resistant to unholy torment.
You are immune to petrification.


Message History

The orc hits you with a +0 dagger.
* * * LOW HITPOINT WARNING * * *
You are too injured to fight recklessly!
The orc hits you but does no damage. The orc attacks as you move away!
The orc hits you but does no damage. The orc attacks as you move away!
The orc misses you. The hobgoblin attacks as you move away!
The hobgoblin closely misses you.
A kobold comes into view. It is wielding a +0 dagger.
You are too injured to fight recklessly!
You are too injured to fight recklessly!
You are too injured to fight recklessly!
You are too injured to fight recklessly!
You are too injured to fight recklessly!
You hit the hobgoblin.
You kill the hobgoblin!
The endoplasm freezes you.
You are frozen.
* * * LOW HITPOINT WARNING * * *
You hit the endoplasm.
The endoplasm is almost dead.
The endoplasm freezes you.
You are frozen.
* * * LOW HITPOINT WARNING * * *
You hit the endoplasm.
You kill the endoplasm!
The kobold hits you but does no damage.
You closely miss the orc. You hit the kobold.
You kill the kobold!
You hit the orc but do no damage. The orc hits you but does no damage.
You hit the orc.
The orc is severely wounded.
The orc barely misses you. The orc hits you with a +0 dagger.
* * * LOW HITPOINT WARNING * * *
You barely miss the orc.
The orc is severely wounded.
The orc barely misses you.
You hit the orc but do no damage.
The orc is severely wounded.
The orc hits you with a +0 dagger.
You die...

........##.#............#######
# ......#.................
......##...##...........
......##.#..............
...†..##................
......####..............
...............###......
......#.#......#.)......
.####.#.##.#...#@#
...##.#....#...#o#
##^##.#######..oo# ##.##.#
###.o# ...##.# #..# #####.#
#.......# #####.# #.......+
......# #.......# ...####
###......


You could see 4 orcs.

Vanquished Creatures
  3 gnolls (D:2)
  A worm (D:2)
  3 dart slugs
  7 bats
  8 endoplasms
  2 giant cockroaches
  5 goblins
  3 hobgoblins
  2 quokkas
  6 ball pythons
  3 frilled lizards
  8 kobolds
  5 rats
56 creatures vanquished.

Vanquished Creatures (others)
  13 plants (D:2)
13 creatures vanquished.

Grand Total: 69 creatures vanquished

Notes
Turn   | Place    | Note
-------+----------+-------------------------------------------
     0 | D:1      | GorkyZ the Gargoyle Fighter began the quest for the Orb.
     0 | D:1      | Reached XP level 1. HP: 14/14 MP: 1/1
   882 | D:1      | Reached XP level 2. HP: 19/19 MP: 2/2
  1407 | D:1      | Found Peri's Weapon Boutique.
  1445 | D:1      | Reached XP level 3. HP: 21/23 MP: 3/3
  2208 | D:2      | Reached XP level 4. HP: 7/28 MP: 4/4
  2212 | D:2      | Reached skill level 1 in Dodging
  2212 | D:2      | Reached skill level 1 in Evocations
  3317 | D:3      | Found an iron altar of Okawaru.
  3651 | D:3      | HP: 1/29 [orc/+0 dagger (1)]
  3653 | D:3      | Slain by an orc

Illustrated notes

Levels and vault maps discovered:
D:1:      erik_arrival_cave_to_civilisation [erik_arrival_cave_to_hall],
          layout_basic, serial_shops, shop
D:2:      layout_basic, serial_bayou, serial_bayou_shore_a,
          serial_bayou_crossing, serial_bayou_pond_d, serial_bayou_shore_b,
          st_stairs_3
D:3:      layout_basic, pdpol_wu_jian_five_deadly_venoms,
          mainiacjoe_overflow_surrounded_room, minmay_misc_feat_roman,
          nicolae_elevator_lobby_asterisk

Skill      XL: |  1  2  3  4 |
---------------+-------------+-----
Axes           | 2 |  2.2
Dodging        | 1 |  1.1
Evocations     | 1 |  1.0
Fighting       | |  3.7
Throwing       | |  0.9
Armour         | |  3.6
Shields        | |  3.9

Action                   |  1- 3 |  4- 6 || total
-------------------------+-------+-------++-------
Melee: War axe           |   111 |    56 ||   167
Armor: Scale mail        |    19 |       ||    19
       Chain mail        |    53 |     1 ||    54
       Leather armour    |       |    28 ||    28
Dodge: Dodged            |    49 |    39 ||    88
Block: Buckler           |    24 |    12 ||    36
